 Dungeon Crawl Stone Soup version 0.28.0-45-g0d030f2227 (webtiles) character file.

Game seed: 15513956050551645048

653 pkoi the Insei (level 7, -3/57 HPs)
             Began as a Demigod Gladiator on Apr 11, 2022.
             Slain by an orc warrior
             ... wielding a +0 dire flail
              (10 damage)
             ... on level 4 of the Dungeon.
             The game lasted 00:05:57 (5629 turns).

pkoi the Insei (Demigod Gladiator)                  Turns: 5629, Time: 00:05:57

Health: -3/57      AC: 10    Str: 19    XL:     7   Next: 7%
Magic:  9/9        EV:  9    Int: 10    God:
Gold:   113        SH:  0    Dex: 19    Spells: 6/6 levels left

rFire   . . .      SeeInvis .     - Unarmed
rCold   . . .      Faith    .   (no shield)
rNeg    . . .      Spirit   .   i - +0 chain mail
rPois   .          Reflect  .   b - +0 helmet
rElec   .          Harm     .   o - +0 cloak
rCorr   .          Rampage  .   (no gloves)
Will    .....                   (no boots)
Stlth   ..........              (no amulet)
HPRegen 0.19/turn               (no ring)
MPRegen 0.11/turn               (no ring)

@: no status effects
A: high MP 1, forlorn, divine attributes
a: no special abilities


You were on level 4 of the Dungeon.
You visited 1 branch of the dungeon, and saw 5 of its levels.

You collected 113 gold pieces.

Inventory:

Hand Weapons
 d - a +0 dagger
 e - a +0 club
 k - a +0 dagger
 n - a +0 whip
 s - a +0 arbalest
Missiles
 c - 3 throwing nets
 g - 6 poisoned darts (quivered)
Armour
 a - a +0 leather armour
 b - a +0 helmet (worn)
 i - a +0 chain mail (worn)
 o - a +0 cloak (worn)
Wands
 w - a wand of iceblast (8)
Scrolls
 h - 6 scrolls of identify {unknown}
 q - a scroll of teleportation
 t - a scroll of acquirement {unknown}
 v - a scroll of magic mapping {unknown}
Potions
 f - a potion of ambrosia {unknown}
 j - a potion of lignification {unknown}
 l - a potion of heal wounds {unknown}
 m - a potion of attraction {unknown}
 p - 2 potions of cancellation {unknown}
 r - a potion of brilliance {unknown}
 u - a potion of curing {unknown}


   Skills:
 - Level 3.0 Fighting
 - Level 1.7 Throwing
 + Level 1.6 Armour
 + Level 3.8 Dodging
 * Level 6.5 Unarmed Combat


You had 6 spell levels left.
You didn't know any spells.
Your spell library contained the following spells:

 Spells                   Type           Power      Damage    Failure   Level
 Animate Skeleton         Necr           0%         N/A       99%         1
 Pain                     Necr           0%         1d4       99%         1
 Conjure Flame            Conj/Fire      0%         6-21      100%        3
 Ignite Poison            Fire/Tmut/Pois 0%         N/A       100%        3
 Vampiric Draining        Necr           0%         2d6       100%        3
 Sticky Flame             Conj/Fire      0%         2d3       100%        4


Dungeon Overview and Level Annotations

Branches:
Dungeon (5/15)             Temple (0/1) D:4


Innate Abilities, Weirdness & Mutations

You have an increased reservoir of magic. (+10% MP)
You shall have no god before yourself.
Your divine heritage dramatically boosts your attributes as you level up.


Message History

The orc warrior hits you with a +0 dire flail!
You climb upwards.
There is a stone staircase leading down here.
You hit the orc warrior.
The orc warrior is lightly wounded.
The orc warrior hits you but does no damage.
You hit the orc warrior but do no damage.
The orc warrior hits you with a +0 dire flail!
* * * LOW HITPOINT WARNING * * *
You hit the orc warrior but do no damage.
The orc warrior completely misses you.
You hit the orc warrior.
The orc warrior is lightly wounded.
The orc warrior hits you with a +0 dire flail.
* * * LOW HITPOINT WARNING * * *
You hit the orc warrior.
The orc warrior is moderately wounded.
The orc warrior hits you with a +0 dire flail.
* * * LOW HITPOINT WARNING * * *
You closely miss the orc warrior.
The orc warrior is moderately wounded.
The orc warrior hits you with a +0 dire flail.
* * * LOW HITPOINT WARNING * * *
You punch the orc warrior!
The orc warrior is heavily wounded.
You closely miss the orc warrior.
The orc warrior is heavily wounded.
The orc warrior barely misses you.
You hit the orc warrior but do no damage.
The orc warrior is heavily wounded.
The orc warrior hits you with a +0 dire flail!
* * * LOW HITPOINT WARNING * * *
You hit the orc warrior.
The orc warrior is severely wounded.
The orc warrior hits you with a +0 dire flail!
* * * LOW HITPOINT WARNING * * *
You punch the orc warrior!
The orc warrior is almost dead.
The orc warrior hits you with a +0 dire flail!
You die...

.....#
#.##############...##..#
####.#
#................#......
#.#####.#........##.#<###.....
#.......#........##.##.#.##..#
#########........#...##..##..#
#................##..#
##.......#...#..>##.(.
#####..#....##..........#
#.......@o...>.##...##..#
#.###..........##...##.#. #.#
###.#########.#.#.### #.# #.#
#...##.#. #.# #.# ###.###.#
#.# #.# #.# #.# #.# #.#
#####.###.# #.# #.#
#......<..# #.# #.#
#.##...##.#


You could see an orc warrior.

Vanquished Creatures
  2 necrophages
  A scorpion (D:4)
  A water moccasin skeleton (D:4)
  A gnoll shaman (D:4)
  Terence (D:3)
  2 orc wizards (D:5)
  Natasha (D:2)
  4 gnolls
  10 adders
  A howler monkey skeleton (D:5)
  A worm (D:2)
  2 dart slugs
  8 orcs
  5 ball pythons
  3 bats
  9 endoplasms
  4 giant cockroaches
  5 goblins
  8 hobgoblins
  5 jackals
  8 quokkas
  3 frilled lizards
  5 kobolds
  3 rats
93 creatures vanquished.

Notes
Turn   | Place    | Note
-------+----------+-------------------------------------------
     0 | D:1      | pkoi the Demigod Gladiator began the quest for the Orb.
     0 | D:1      | Reached XP level 1. HP: 17/17 MP: 3/3
   463 | D:1      | Reached skill level 3 in Unarmed Combat
   636 | D:1      | Reached XP level 2. HP: 19/24 MP: 4/4
  1436 | D:2      | Reached XP level 3. HP: 29/30 MP: 5/5
  2140 | D:2      | Noticed Natasha
  2150 | D:2      | Killed Natasha
  2151 | D:2      | Reached skill level 4 in Unarmed Combat
  2151 | D:2      | Reached XP level 4. HP: 28/38 MP: 6/6
  2585 | D:3      | Noticed Terence
  2613 | D:3      | Killed Terence
  3347 | D:4      | Reached XP level 5. HP: 45/45 MP: 7/7
  3482 | D:4      | Reached skill level 5 in Unarmed Combat
  3693 | D:4      | Noticed a necrophage
  3709 | D:4      | Killed a necrophage
  3710 | D:4      | Reached XP level 6. HP: 43/51 MP: 8/8
  4191 | D:4      | Found a staircase to the Ecumenical Temple.
  4374 | D:5      | Entered Level 5 of the Dungeon
  4394 | D:5      | Reached skill level 6 in Unarmed Combat
  4528 | D:5      | Reached skill level 1 in Armour
  5388 | D:5      | Reached XP level 7. HP: 52/57 MP: 9/9
  5629 | D:4      | Slain by an orc warrior

Illustrated notes

Levels and vault maps discovered:
D:1:      psy_arrival_statuary, layout_loops_corners,
          chequers_ecumenical_altar_simple, nrook_mini_vaults,
          lemuel_old_faithful
D:2:      minmay_evil_eye, layout_loops_ring, roderic_roman_lattice,
          small_statue_intersection, uniq_natasha
D:3:      layout_loops_ring, mainiacjoe_overflow_tiny_flanked, uniq_terence
D:4:      layout_loops_ring, temple_hall
D:5:      layout_basic, trog_book, serial_corexii_hall,
          chequers_hall_statues_corner_a, corexii_hall_statues_x

Skill      XL: |  1  2  3  4  5  6 |
---------------+-------------------+-----
Fighting       | 2 3 |  3.0
Unarmed Combat | 3 4 5 6 |  6.5
Dodging        | 3 |  3.8
Armour         | 1 |  1.6
Throwing       | |  1.7

Action                   |  1- 3 |  4- 6 |  7- 9 || total
-------------------------+-------+-------+-------++-------
Melee: Unarmed           |   160 |   231 |    33 ||   424
       Punch             |     4 |     9 |     1 ||    14
Throw: Dart              |     8 |       |       ||     8
  Use: Scroll            |     1 |       |       ||     1
Armor: Leather armour    |    11 |       |       ||    11
       Chain mail        |    69 |   113 |    10 ||   192
Dodge: Dodged            |    68 |    98 |     7 ||   173
